AoeStats
← TenHeinzR2

Highland

506561537Analyzed
2v2 RM · 17d ago on Sep 14, 2026· 30m 5s· 4 players
Game mode
Random Map
Map size
Medium (4 player)
Population
200
Speed
Normal
Resources
Standard
Victory
Conquest
Starting age
Dark Age
Ending age
Imperial Age
RankedLock teamsTeams togetherTeam positionsShared explorationLock speedFull tech treeHidden civsTurbo modeCheats
Victory
Defeat
🇧🇷 Armenians · Brazil
955
+13
🇧🇷 Poles · Brazil
877
+16
🇵🇪 Bohemians · Peru
946
-17
🇺🇸 Burgundians · United States
823
-12
DS_lenino
3:14 Loom
3:49 Double-Bit Axe
12:38 Feudal Age
11:50 Horse Collar
12:49 Fishing Lines
17:16 Castle Age
17:05 Stone Mining
19:51 Bow Saw
19:45 Heavy Plow
22:36 Wheelbarrow
22:19 Town Watch
23:27 Cavalier
25:21 Forging
25:13 Scale Mail Armor
26:55 Iron Casting
28:06 Hand Cart
27:53 Town Patrol
28:30 Husbandry
27:53 Light Cavalry
marshall_o18
0:44 Loom
13:45 Feudal Age
19:42 Castle Age
18:50 Double-Bit Axe
20:07 Man-at-Arms
21:17 Forging
21:20 Long Swordsman
Rammstilhos
11:24 Feudal Age
19:11 Castle Age
22:20 Double-Bit Axe
23:21 Bow Saw
23:37 Stone Mining
27:02 Loom
27:52 Wheelbarrow
27:03 Town Watch
27:11 Horse Collar
27:26 Gold Mining
30:45 Hand Cart
30:31 Town Patrol
TenHeinzR2
12:39 Feudal Age
13:25 Double-Bit Axe
13:16 Man-at-Arms
17:53 Long Swordsman
19:20 Arson
20:24 Forging
22:42 Scale Mail Armor
26:52 Castle Age
26:51 Pikeman
27:26 Gambesons
27:44 Squires
28:06 Squires
27:52 Gambesons
28:41 Halberdier
29:19 Two-Handed Swordsman
Connection lost

Rejoining the realm…

Still unreachable

The connection could not be restored.

Session expired

The server has moved on; the page needs a fresh start.